AoeStats
← Julix

Arabian Desert

510261152Analyzed
1v1 RM · 2d ago on Sep 30, 2026· 20m 4s· 2 players
Game mode
Random Map
Map size
Tiny (2 player)
Population
200
Speed
Normal
Resources
Standard
Victory
Conquest
Starting age
Dark Age
Ending age
Imperial Age
RankedLock teamsTeams togetherTeam positionsShared explorationLock speedFull tech treeHidden civsTurbo modeCheats
Victory
Defeat
🇹🇼 Gurjaras · Taiwan
1460
+14
🇫🇷 Tatars · France
1425
-14
Danabro
6:40 Loom
8:54 Feudal Age
10:48 Double-Bit Axe
14:21 Horse Collar
Julix
6:31 Loom
9:28 Feudal Age
10:43 Double-Bit Axe
21:00 Castle Age
Connection lost

Rejoining the realm…

Still unreachable

The connection could not be restored.

Session expired

The server has moved on; the page needs a fresh start.